Sharks vs Coyotes
(R1)
Created - 25 avril 2015 at 09:45
Goals
|
Sharks |
1 |
3 |
1 |
1 |
6 |
Coyotes |
2 |
2 |
1 |
0 |
5 |
|
Shots
|
Sharks |
7 |
10 |
12 |
2 |
31 |
Coyotes |
9 |
12 |
7 |
3 |
31 |
|
1st period
1. Coyotes , Tim Connolly 6 (Denis Grebeshkov, Marian Gaborik) at 1:53
2. Sharks , Joe Sakic 1 (Alex Pietrangelo, Tuomo Ruutu) at 2:27
3. Coyotes , Saku Koivu 4 (Frans Nielsen, Chris Stewart) at 3:21
Penalties :
Antoine Vermette (SJS) for Hooking (Minor) at 7:50, Michal Rozsival (SJS) for Roughing (Minor) at 12:27, Boris Valabik (SJS) for Hooking (Minor) at 15:20, Marian Gaborik (Ari) for Roughing (Minor) at 18:28
2nd period
4. Coyotes , Tim Connolly 7 (Marian Gaborik) at 12:15
5. Sharks , Paul Gaustad 5 (Michal Rozsival) at 12:21
6. Sharks , Dany Heatley 4 (Daniel Alfredsson, Paul Gaustad) at 12:43
7. Sharks , Antoine Vermette 2 (Ted Purcell) at 13:59
8. Coyotes , Marian Gaborik 5 (Tim Connolly) at 15:11 (PP)
Penalties :
Daniel Alfredsson (SJS) for High sticking (Double Minor) at 1:07, Saku Koivu (Ari) for Hooking (Minor) at 7:02, Joe Sakic (SJS) for Tripping (Minor) at 15:09, Shaone Morrisonn (SJS) for Hooking (Minor) at 16:46, Anton Stralman (Ari) for Tripping (Minor) at 17:49, Dany Heatley (SJS) for High sticking (Minor) at 18:56
3rd period
9. Coyotes , Frans Nielsen 4 (Saku Koivu) at 2:28
10. Sharks , Paul Gaustad 6 (Alex Pietrangelo, Dany Heatley) at 19:43 (PP)
Penalties :
Dany Heatley (SJS) for Tripping (Minor) at 1:14, Marian Gaborik (Ari) for Hooking (Minor) at 1:22, Frans Nielsen (Ari) for Elbowing (Minor) at 7:47, Frans Nielsen (Ari) for Hooking (Minor) at 16:07, Marian Gaborik (Ari) for Holding (Minor) at 19:04
Overtime #1
11. Sharks , Dany Heatley 5 (Paul Gaustad) at 1:24
Penalties :
No Penalty
Goalie Stats
Mike Brodeur (SJS), 26 saves from 31 shots - (0,839), W, 5-3-0, 60:42 minutes
Ryan Miller (Ari), 25 saves from 31 shots - (0,806), OTL, 5-3-1, 61:24 minutes
Players Stats for Sharks
Player Name G A P +/- PIM S H SB GA TA FO MP PP MP PK MP
------------------------------------------------------------------------------------
Alex Pietrangelo 0 2 2 0 0 3 0 1 2 1 0/0 20:22 5:56 0:48
Antoine Vermette 1 0 1 1 2 1 0 0 0 2 3/13 14:29 0:10 2:23
Boris Valabik 0 0 0 -1 2 0 0 1 0 0 0/0 2:50 0:00 0:00
Brandon Yip 0 0 0 -1 0 0 1 1 1 0 0/1 11:21 0:08 0:00
Daniel Alfredsson 0 1 1 2 4 5 2 0 0 0 9/15 22:35 3:30 2:32
Dany Heatley 2 1 3 3 4 9 6 1 0 1 1/3 24:51 5:34 5:36
David Hale 0 0 0 -1 0 0 1 0 0 0 0/0 7:46 0:00 4:54
Francis Bouillon 0 0 0 0 0 1 0 1 0 0 0/0 7:54 0:00 0:01
Joe Sakic 1 0 1 -2 2 3 3 2 0 1 7/17 20:48 3:19 6:06
Johnny Boychuk 0 0 0 2 0 1 3 1 0 0 0/0 26:30 2:58 7:00
Lasse Kukkonen 0 0 0 0 0 1 1 4 1 1 0/0 26:16 5:56 7:10
Markus Naslund 0 0 0 -1 0 1 2 1 0 1 0/1 21:04 3:27 2:22
Martin Samuelsson 0 0 0 -1 0 0 0 0 0 0 1/1 6:34 0:00 4:07
Michal Rozsival 0 1 1 2 2 0 1 1 0 1 0/0 19:59 2:58 0:11
Paul Gaustad 2 2 4 3 0 2 3 0 0 1 14/24 20:05 5:06 1:26
Shaone Morrisonn 0 0 0 0 2 1 0 2 0 1 0/0 12:19 0:11 4:28
Ted Purcell 0 1 1 1 0 1 0 0 0 0 0/1 15:39 5:16 0:00
Tuomo Ruutu 0 1 1 -1 0 2 0 0 0 0 0/0 9:34 0:00 0:00
Players Stats for Coyotes
Player Name G A P +/- PIM S H SB GA TA FO MP PP MP PK MP
------------------------------------------------------------------------------------
Adrian Aucoin 0 0 0 0 0 2 1 1 0 0 1/1 24:55 1:07 5:07
Andy Sutton 0 0 0 -2 0 1 0 1 1 0 0/0 14:22 0:53 3:47
Anton Stralman 0 0 0 1 2 0 1 0 0 0 0/0 20:19 3:57 3:49
Chris Stewart 0 1 1 0 0 1 1 0 1 0 0/0 14:36 5:10 0:00
Denis Grebeshkov 0 1 1 0 0 2 1 4 1 0 0/0 25:31 7:53 0:11
Drew Miller 0 0 0 -1 0 3 0 1 0 0 6/8 15:57 0:29 5:17
Erik Christensen 0 0 0 -1 0 1 0 0 0 0 2/4 12:04 3:43 2:12
Erik Cole 0 0 0 -1 0 1 0 0 1 0 1/1 12:16 0:00 2:54
Frans Nielsen 1 1 2 1 4 3 2 2 2 0 3/10 19:21 5:10 3:07
Kurt Sauer 0 0 0 0 0 0 0 3 1 2 0/0 16:48 0:00 4:54
Marian Gaborik 1 2 3 0 6 1 0 0 2 1 0/1 20:17 6:32 0:11
Pavel Brendl 0 0 0 -1 0 0 1 0 0 0 0/0 5:54 0:33 0:00
Saku Koivu 1 1 2 1 2 2 3 2 0 0 8/10 16:34 5:10 0:35
Sami Kapanen 0 0 0 -1 0 3 0 0 0 0 0/1 9:22 0:00 0:00
Sergei Gonchar 0 0 0 -1 0 0 1 2 1 0 0/0 17:06 7:42 0:00
Shawn Thornton 0 0 0 -1 0 1 2 0 0 0 0/0 5:32 0:00 0:27
Tim Connolly 2 1 3 0 0 8 2 0 0 0 19/37 24:03 6:33 3:05
Tyler Ennis 0 0 0 0 0 2 1 0 0 1 1/3 19:23 6:26 0:00
3 Stars
1 - Paul Gaustad (SJS)
2 - Dany Heatley (SJS)
3 - Tim Connolly (Ari)
Power Play
Sharks - 1 on 7 Attempt(s) - 14,29%
Coyotes - 1 on 10 Attempt(s) - 10,00%
Penalty Kill
Sharks - 9 on 10 Attempt(s) - 90,00%
- Score 0 goal in Penalty Kill
Coyotes - 6 on 7 Attempt(s) - 85,71%
- Score 0 goal in Penalty Kill
Team Stat
Sharks - Hits : 23 - Faceoff Wins : 35 - Blocked Shots : 16 - Penalty Minutes : 18
Coyotes - Hits : 16 - Faceoff Wins : 41 - Blocked Shots : 16 - Penalty Minutes : 14
Official
Referees : Devorski Paul and Rehman Kyle
Linesman : Brad Lazarowich and Jonny Murray
Game Notes
2:12 of 1st period - Penalty Shot by Michal Rozsival for Sharks - Stopped by Ryan Miller
Finance
Level 1 -- Attendance: 6000 (100,00%) -- Ticket Income 540 000 $
Level 2 -- Attendance: 4979 (99,58%) -- Ticket Income 308 698 $
Level 3 -- Attendance: 1870 (93,50%) -- Ticket Income 74 800 $
Level 4 -- Attendance: 3444 (86,10%) -- Ticket Income 86 100 $
Luxury Box -- Attendance: 999 (99,90%) -- Ticket Income 189 810 $
Game was played at the The Pack Center'
Total Attendance: 17292 (96,07%)
Total Ticket Income: 1 199 408 $
Other Income: 179 911 $
Total Income: 1 379 319 $
Sharks
5 vs 5 Forward
Center Left Wing Right Wing Time % Phy DF OF
1 Paul Gaustad Dany Heatley Daniel Alfredsson 40 2 2 1
2 Antoine Vermette Markus Naslund Ted Purcell 30 2 2 1
3 Joe Sakic Tuomo Ruutu Brandon Yip 20 2 2 1
4 Joe Sakic Martin Samuelsson Markus Naslund 10 2 2 1
5 vs 5 Defense
Defense Defense Time % Phy DF OF
1 Michal Rozsival Johnny Boychuk 40 2 2 1
2 Lasse Kukkonen Alex Pietrangelo 30 2 2 1
3 Shaone Morrisonn Francis Bouillon 20 2 2 1
4 David Hale Boris Valabik 10 2 2 1
PowerPlay Forward
Center Left Wing Right Wing Time % Phy DF OF
1 Paul Gaustad Dany Heatley Ted Purcell 60 1 2 2
2 Joe Sakic Markus Naslund Daniel Alfredsson 40 1 2 2
PowerPlay Defense
Defense Defense Time % Phy DF OF
1 Lasse Kukkonen Alex Pietrangelo 60 1 2 2
2 Michal Rozsival Johnny Boychuk 40 1 2 2
Penalty Kill 4 Players Forward
Center Wing Time % Phy DF OF
1 Joe Sakic Dany Heatley 60 0 5 0
2 Daniel Alfredsson Martin Samuelsson 40 0 5 0
Penalty Kill 4 Players Defense
Defense Defense Time % Phy DF OF
1 Lasse Kukkonen Johnny Boychuk 60 0 5 0
2 David Hale Shaone Morrisonn 40 0 5 0
Penalty Kill - 3 Players Forward
Forward Time % Phy DF OF
1 Joe Sakic 60 0 5 0
2 Martin Samuelsson 40 0 5 0
Penalty Kill - 3 Players Defense
Defense Defense Time % Phy DF OF
1 Lasse Kukkonen Johnny Boychuk 60 0 5 0
2 David Hale Shaone Morrisonn 40 0 5 0
4 vs 4 Forward
Center Wing Time % Phy DF OF
1 Daniel Alfredsson Dany Heatley 60 1 2 2
2 Paul Gaustad Ted Purcell 40 1 2 2
4 vs 4 Defense
Defense Defense Time % Phy DF OF
1 Lasse Kukkonen Alex Pietrangelo 60 1 2 2
2 Johnny Boychuk Michal Rozsival 40 1 2 2
Last Minutes Offensive
Center Left Wing Right Wing Defense Defense
Paul Gaustad Dany Heatley Daniel Alfredsson Lasse Kukkonen Alex Pietrangelo
Last Minutes Defensive
Center Left Wing Right Wing Defense Defense
Joe Sakic Markus Naslund Daniel Alfredsson Johnny Boychuk Shaone Morrisonn
Goaltenders
Starting : Mike Brodeur
Backup : Tyler Weiman
Extra Forwards
Normal : Markus Naslund, Paul Gaustad, Brandon Yip - PP : Ted Purcell, Markus Naslund - PK : Dany Heatley
Extra Defensemen
Normal : Johnny Boychuk, Shaone Morrisonn, David Hale - PP : David Hale - PK : Alex Pietrangelo, Francis Bouillon
Penalty Shots
Dany Heatley, Ted Purcell, Tuomo Ruutu, Markus Naslund, Daniel Alfredsson
Coyotes
5 vs 5 Forward
Center Left Wing Right Wing Time % Phy DF OF
1 Tim Connolly Tyler Ennis Marian Gaborik 35 1 1 3
2 Saku Koivu Frans Nielsen Chris Stewart 29 1 2 2
3 Drew Miller Erik Cole Sami Kapanen 24 1 3 1
4 Erik Christensen Shawn Thornton Pavel Brendl 12 1 3 1
5 vs 5 Defense
Defense Defense Time % Phy DF OF
1 Denis Grebeshkov Adrian Aucoin 37 1 2 2
2 Kurt Sauer Anton Stralman 34 1 3 1
3 Andy Sutton Sergei Gonchar 28 1 3 1
4 Sergei Gonchar Denis Grebeshkov 1 1 1 3
PowerPlay Forward
Center Left Wing Right Wing Time % Phy DF OF
1 Tim Connolly Tyler Ennis Marian Gaborik 57 0 0 5
2 Saku Koivu Frans Nielsen Chris Stewart 43 0 0 5
PowerPlay Defense
Defense Defense Time % Phy DF OF
1 Denis Grebeshkov Sergei Gonchar 57 0 0 5
2 Anton Stralman Erik Christensen 43 0 0 5
Penalty Kill 4 Players Forward
Center Wing Time % Phy DF OF
1 Frans Nielsen Drew Miller 54 0 5 0
2 Tim Connolly Erik Cole 46 0 5 0
Penalty Kill 4 Players Defense
Defense Defense Time % Phy DF OF
1 Adrian Aucoin Kurt Sauer 54 0 5 0
2 Anton Stralman Andy Sutton 46 0 5 0
Penalty Kill - 3 Players Forward
Forward Time % Phy DF OF
1 Drew Miller 52 0 5 0
2 Frans Nielsen 48 0 5 0
Penalty Kill - 3 Players Defense
Defense Defense Time % Phy DF OF
1 Kurt Sauer Adrian Aucoin 52 0 5 0
2 Anton Stralman Andy Sutton 48 0 5 0
4 vs 4 Forward
Center Wing Time % Phy DF OF
1 Tim Connolly Marian Gaborik 52 1 2 2
2 Frans Nielsen Saku Koivu 48 1 3 1
4 vs 4 Defense
Defense Defense Time % Phy DF OF
1 Adrian Aucoin Anton Stralman 52 1 3 1
2 Denis Grebeshkov Kurt Sauer 48 1 3 1
Last Minutes Offensive
Center Left Wing Right Wing Defense Defense
Tim Connolly Tyler Ennis Marian Gaborik Denis Grebeshkov Adrian Aucoin
Last Minutes Defensive
Center Left Wing Right Wing Defense Defense
Frans Nielsen Drew Miller Marian Gaborik Denis Grebeshkov Kurt Sauer
Goaltenders
Starting : Ryan Miller
Backup : Marc Denis
Extra Forwards
Normal : Marian Gaborik, Tyler Ennis, Chris Stewart - PP : Marian Gaborik, Chris Stewart - PK : Drew Miller
Extra Defensemen
Normal : Denis Grebeshkov, Adrian Aucoin, Anton Stralman - PP : Denis Grebeshkov - PK : Kurt Sauer, Adrian Aucoin
Penalty Shots
Marian Gaborik, Tyler Ennis, Drew Miller, Saku Koivu, Tim Connolly
% Time on Ice - Sharks
Lines # - Real PCT - Wanted PCT - Time Play
Normal Forward
1 - 37% - 40% - 13:20
2 - 32% - 30% - 11:36
3 - 26% - 20% - 9:34
4 - 5% - 10% - 1:50
Normal Defense
1 - 42% - 40% - 15:19
2 - 32% - 30% - 11:41
3 - 19% - 20% - 6:57
4 - 7% - 10% - 2:23
PP Forward
1 - 63% - 60% - 5:35
2 - 37% - 40% - 3:19
PP Defense
1 - 67% - 60% - 5:56
2 - 33% - 40% - 2:58
PK Forward
1 - 66% - 60% - 8:06
2 - 34% - 40% - 4:10
PK Defense
1 - 58% - 60% - 7:10
2 - 42% - 40% - 5:06
PK3 Forward
1 - 0% - 60%
2 - 0% - 40%
PK3 Defense
1 - 0% - 60%
2 - 0% - 40%
44 Forward
1 - 100% - 60% - 3:39
2 - 0% - 40% - 0:00
44 Defense
1 - 75% - 60% - 2:44
2 - 25% - 40% - 0:55
Last Minute Offensive - 0:15
Last Minute Defensive - 0:00
Total
Forward - 61:24
Defense - 61:24
|
% Time on Ice - Coyotes
Lines # - Real PCT - Wanted PCT - Time Play
Normal Forward
1 - 34% - 35% - 12:28
2 - 26% - 29% - 9:26
3 - 26% - 24% - 9:22
4 - 14% - 12% - 5:05
Normal Defense
1 - 38% - 37% - 13:51
2 - 33% - 34% - 12:06
3 - 24% - 28% - 8:36
4 - 5% - 1% - 1:48
PP Forward
1 - 56% - 57% - 6:55
2 - 44% - 43% - 5:21
PP Defense
1 - 64% - 57% - 7:53
2 - 36% - 43% - 4:23
PK Forward
1 - 66% - 54% - 5:55
2 - 34% - 46% - 2:59
PK Defense
1 - 58% - 54% - 5:10
2 - 42% - 46% - 3:44
PK3 Forward
1 - 0% - 52%
2 - 0% - 48%
PK3 Defense
1 - 0% - 52%
2 - 0% - 48%
44 Forward
1 - 69% - 52% - 2:32
2 - 31% - 48% - 1:07
44 Defense
1 - 80% - 52% - 2:56
2 - 20% - 48% - 0:43
Last Minute Offensive - 0:00
Last Minute Defensive - 0:14
Total
Forward - 61:24
Defense - 61:24
|
Play by Play
1st period
0:01 of 1st period - Paul Gaustad wins face-off versus Tim Connolly in neutral zone.
0:06 of 1st period - Snap shot by Dany Heatley.
0:06 of 1st period - Shot Misses the Net.
0:14 of 1st period - Snap shot by Tim Connolly.
0:14 of 1st period - Stopped by Mike Brodeur with a rebound.
0:26 of 1st period - Chris Stewart is hit by Markus Naslund and loses puck.
1:11 of 1st period - Snap shot by Daniel Alfredsson.
1:11 of 1st period - Stopped by Ryan Miller without a rebound.
1:12 of 1st period - Drew Miller wins face-off versus Paul Gaustad in Coyotes zone.
1:37 of 1st period - Wrist shot by Dany Heatley.
1:37 of 1st period - Stopped by Ryan Miller without a rebound.
1:38 of 1st period - Martin Samuelsson wins face-off versus Tim Connolly in Coyotes zone.
1:49 of 1st period - Snap shot by Marian Gaborik.
1:49 of 1st period - Shot Misses the Net.
1:51 of 1st period - Snap shot by Denis Grebeshkov.
1:51 of 1st period - Shot Blocked by Boris Valabik.
1:53 of 1st period - Snap shot by Tim Connolly.
1:53 of 1st period - Goal by Tim Connolly - Sharks : 0 - Coyotes : 1.
1:54 of 1st period - Saku Koivu wins face-off versus Antoine Vermette in neutral zone.
2:12 of 1st period - Penalty Shot by Michal Rozsival for Sharks.
2:12 of 1st period - Snap shot by Michal Rozsival.
2:12 of 1st period - Stopped by Ryan Miller.
2:13 of 1st period - Joe Sakic wins face-off versus Drew Miller in Sharks zone.
2:25 of 1st period - Wrist shot by Joe Sakic.
2:25 of 1st period - Stopped by Ryan Miller with a rebound.
2:27 of 1st period - Slapshot by Alex Pietrangelo.
2:27 of 1st period - Deflect By Joe Sakic.
2:27 of 1st period - Goal by Joe Sakic - Sharks : 1 - Coyotes : 1.
2:28 of 1st period - Saku Koivu wins face-off versus Antoine Vermette in neutral zone.
2:55 of 1st period - Snap shot by Brandon Yip.
2:55 of 1st period - Deflect By Tuomo Ruutu.
2:55 of 1st period - Stopped by Ryan Miller with a rebound.
3:21 of 1st period - Snap shot by Saku Koivu.
3:21 of 1st period - Goal by Saku Koivu - Sharks : 1 - Coyotes : 2.
3:22 of 1st period - Paul Gaustad wins face-off versus Tim Connolly in neutral zone.
3:37 of 1st period - Slapshot by Dany Heatley.
3:37 of 1st period - Stopped by Ryan Miller with a rebound.
4:16 of 1st period - Wrist shot by Joe Sakic.
4:16 of 1st period - Shot Blocked by Denis Grebeshkov.
4:18 of 1st period - Wrist shot by Brandon Yip.
4:18 of 1st period - Shot Blocked by Denis Grebeshkov.
4:42 of 1st period - Slapshot by Marian Gaborik.
4:42 of 1st period - Shot Blocked by Michal Rozsival.
4:58 of 1st period - Tim Connolly is hit by Johnny Boychuk and loses puck.
5:09 of 1st period - Slapshot by Sami Kapanen.
5:09 of 1st period - Shot Blocked by Shaone Morrisonn.
5:51 of 1st period - Snap shot by Ted Purcell.
5:51 of 1st period - Shot Misses the Net.
5:53 of 1st period - Slapshot by Francis Bouillon.
5:53 of 1st period - Stopped by Ryan Miller with a rebound.
6:33 of 1st period - Michal Rozsival is hit by Shawn Thornton and loses puck.
6:58 of 1st period - Wrist shot by Drew Miller.
6:58 of 1st period - Stopped by Mike Brodeur with a rebound.
7:19 of 1st period - Johnny Boychuk is hit by Tyler Ennis and loses puck.
7:34 of 1st period - Wrist shot by Chris Stewart.
7:34 of 1st period - Shot Misses the Net.
7:40 of 1st period - Snap shot by Saku Koivu.
7:40 of 1st period - Shot Misses the Net.
7:50 of 1st period - Minor Penalty to Antoine Vermette for Hooking.
7:51 of 1st period - Tim Connolly wins face-off versus Joe Sakic in Sharks zone.
9:50 of 1st period - Penalty to Antoine Vermette is over, Antoine Vermette is back on ice.
10:39 of 1st period - Slapshot by Erik Christensen.
10:39 of 1st period - Shot Misses the Net.
10:51 of 1st period - Andy Sutton is hit by David Hale and loses puck.
10:59 of 1st period - Icing by Adrian Aucoin.
11:00 of 1st period - Drew Miller wins face-off versus Joe Sakic in Coyotes zone.
11:19 of 1st period - Snap shot by Saku Koivu.
11:19 of 1st period - Shot Misses the Net.
11:21 of 1st period - Wrist shot by Saku Koivu.
11:21 of 1st period - Shot Misses the Net.
11:23 of 1st period - Snap shot by Frans Nielsen.
11:23 of 1st period - Stopped by Mike Brodeur with a rebound.
11:25 of 1st period - Wrist shot by Chris Stewart.
11:25 of 1st period - Stopped by Mike Brodeur without a rebound.
11:26 of 1st period - Tim Connolly wins face-off versus Antoine Vermette in Sharks zone.
11:41 of 1st period - Snap shot by Markus Naslund.
11:41 of 1st period - Shot Blocked by Kurt Sauer.
11:53 of 1st period - Frans Nielsen is hit by Daniel Alfredsson.
12:27 of 1st period - Minor Penalty to Michal Rozsival for Roughing.
12:28 of 1st period - Tim Connolly wins face-off versus Joe Sakic in Sharks zone.
12:40 of 1st period - Johnny Boychuk is hit by Denis Grebeshkov and loses puck.
13:47 of 1st period - Frans Nielsen is hit by Johnny Boychuk and loses puck.
14:17 of 1st period - Chris Stewart is hit by Johnny Boychuk and loses puck.
14:27 of 1st period - Penalty to Michal Rozsival is over, Michal Rozsival is back on ice.
14:53 of 1st period - Shaone Morrisonn is hit by Chris Stewart and loses puck.
14:58 of 1st period - Wrist shot by Frans Nielsen.
14:58 of 1st period - Deflect By Chris Stewart.
14:58 of 1st period - Shot Misses the Net.
14:58 of 1st period - Puck is out of play.
14:59 of 1st period - Drew Miller wins face-off versus Paul Gaustad in Sharks zone.
15:02 of 1st period - Snap shot by Sami Kapanen.
15:02 of 1st period - Stopped by Mike Brodeur with a rebound.
15:20 of 1st period - Minor Penalty to Boris Valabik for Hooking.
15:21 of 1st period - Joe Sakic wins face-off versus Tim Connolly in Sharks zone.
15:31 of 1st period - Off-side.
15:32 of 1st period - Joe Sakic wins face-off versus Tim Connolly in neutral zone.
15:37 of 1st period - Snap shot by Dany Heatley.
15:37 of 1st period - Shot Misses the Net.
15:45 of 1st period - Wrist shot by Joe Sakic.
15:45 of 1st period - Shot Blocked by Sergei Gonchar.
16:03 of 1st period - Joe Sakic is hit by Frans Nielsen and loses puck.
16:16 of 1st period - Marian Gaborik is hit by Lasse Kukkonen and loses puck.
17:20 of 1st period - Penalty to Boris Valabik is over, Boris Valabik is back on ice.
17:27 of 1st period - Wrist shot by Drew Miller.
17:27 of 1st period - Shot Hit the Post.
17:29 of 1st period - Wrist shot by Sami Kapanen.
17:29 of 1st period - Stopped by Mike Brodeur without a rebound.
17:30 of 1st period - Drew Miller wins face-off versus Antoine Vermette in Sharks zone.
17:31 of 1st period - Slapshot by Sami Kapanen.
17:31 of 1st period - Shot Blocked by Johnny Boychuk.
17:33 of 1st period - Wrist shot by Erik Cole.
17:33 of 1st period - Stopped by Mike Brodeur without a rebound.
17:34 of 1st period - Drew Miller wins face-off versus Antoine Vermette in Sharks zone.
18:01 of 1st period - Snap shot by Erik Christensen.
18:01 of 1st period - Shot Misses the Net.
18:28 of 1st period - Minor Penalty to Marian Gaborik for Roughing.
18:29 of 1st period - Paul Gaustad wins face-off versus Frans Nielsen in Coyotes zone.
18:39 of 1st period - Snap shot by Dany Heatley.
18:39 of 1st period - Shot Blocked by Frans Nielsen.
18:41 of 1st period - Snap shot by Paul Gaustad.
18:41 of 1st period - Shot Blocked by Frans Nielsen.
19:53 of 1st period - Erik Cole is hit by Dany Heatley and loses puck.
Goals for this period are 1 for Sharks vs 2 for Coyotes.
Shots for this period are 7 for Sharks vs 9 for Coyotes.
2nd period
0:01 of 2nd period - Dany Heatley wins face-off versus Frans Nielsen in neutral zone.
0:08 of 2nd period - Kurt Sauer is hit by Paul Gaustad and loses puck.
0:13 of 2nd period - Snap shot by Dany Heatley.
0:13 of 2nd period - Shot Misses the Net.
0:28 of 2nd period - Penalty to Marian Gaborik is over, Marian Gaborik is back on ice.
1:07 of 2nd period - Double Minor Penalty to Daniel Alfredsson for High sticking.
1:08 of 2nd period - Tim Connolly wins face-off versus Joe Sakic in Sharks zone.
3:04 of 2nd period - Anton Stralman is hit by Dany Heatley and loses puck.
3:17 of 2nd period - Erik Christensen is hit by Markus Naslund and loses puck.
3:45 of 2nd period - Off-side.
3:46 of 2nd period - Adrian Aucoin wins face-off versus Antoine Vermette in neutral zone.
3:51 of 2nd period - Slapshot by Anton Stralman.
3:51 of 2nd period - Shot Misses the Net.
4:46 of 2nd period - Denis Grebeshkov is hit by Paul Gaustad and loses puck.
5:07 of 2nd period - Penalty to Daniel Alfredsson is over, Daniel Alfredsson is back on ice.
5:19 of 2nd period - Wrist shot by Erik Christensen.
5:19 of 2nd period - Shot Blocked by Francis Bouillon.
6:29 of 2nd period - Michal Rozsival is hit by Pavel Brendl and loses puck.
6:39 of 2nd period - Icing by Adrian Aucoin.
6:40 of 2nd period - Tim Connolly wins face-off versus Joe Sakic in Coyotes zone.
6:45 of 2nd period - Snap shot by Brandon Yip.
6:45 of 2nd period - Shot Blocked by Adrian Aucoin.
6:47 of 2nd period - Wrist shot by Joe Sakic.
6:47 of 2nd period - Stopped by Ryan Miller without a rebound.
6:48 of 2nd period - Antoine Vermette wins face-off versus Saku Koivu in Coyotes zone.
6:49 of 2nd period - Slapshot by Alex Pietrangelo.
6:49 of 2nd period - Shot Misses the Net.
6:51 of 2nd period - Slapshot by Lasse Kukkonen.
6:51 of 2nd period - Shot Misses the Net.
6:53 of 2nd period - Snap shot by Markus Naslund.
6:53 of 2nd period - Shot Blocked by Saku Koivu.
6:55 of 2nd period - Slapshot by Lasse Kukkonen.
6:55 of 2nd period - Stopped by Ryan Miller without a rebound.
6:56 of 2nd period - Saku Koivu wins face-off versus Antoine Vermette in Coyotes zone.
7:02 of 2nd period - Minor Penalty to Saku Koivu for Hooking.
7:03 of 2nd period - Paul Gaustad wins face-off versus Frans Nielsen in Coyotes zone.
8:00 of 2nd period - Snap shot by Dany Heatley.
8:00 of 2nd period - Deflect By Ted Purcell.
8:00 of 2nd period - Shot Blocked by Andy Sutton.
8:00 of 2nd period - Puck is out of play.
8:01 of 2nd period - Frans Nielsen wins face-off versus Paul Gaustad in Coyotes zone.
9:02 of 2nd period - Penalty to Saku Koivu is over, Saku Koivu is back on ice.
9:07 of 2nd period - Frans Nielsen is hit by Joe Sakic and loses puck.
9:12 of 2nd period - Snap shot by Tuomo Ruutu.
9:12 of 2nd period - Shot Misses the Net.
9:36 of 2nd period - Wrist shot by Marian Gaborik.
9:36 of 2nd period - Shot Blocked by Joe Sakic.
9:38 of 2nd period - Slapshot by Tim Connolly.
9:38 of 2nd period - Deflect By Tyler Ennis.
9:38 of 2nd period - Stopped by Mike Brodeur without a rebound.
9:39 of 2nd period - Joe Sakic wins face-off versus Marian Gaborik in Sharks zone.
9:39 of 2nd period - Joe Sakic is hit by Tim Connolly.
10:17 of 2nd period - Slapshot by Drew Miller.
10:17 of 2nd period - Stopped by Mike Brodeur without a rebound.
10:18 of 2nd period - Drew Miller wins face-off versus Antoine Vermette in Sharks zone.
10:41 of 2nd period - Ted Purcell is hit by Anton Stralman and loses puck.
11:16 of 2nd period - Wrist shot by Sami Kapanen.
11:16 of 2nd period - Stopped by Mike Brodeur without a rebound.
11:17 of 2nd period - Paul Gaustad wins face-off versus Tim Connolly in Sharks zone.
11:32 of 2nd period - Slapshot by Dany Heatley.
11:32 of 2nd period - Shot Hit the Post.
12:08 of 2nd period - Francis Bouillon is hit by Tim Connolly and loses puck.
12:13 of 2nd period - Slapshot by Tim Connolly.
12:13 of 2nd period - Shot Blocked by Shaone Morrisonn.
12:15 of 2nd period - Slapshot by Tim Connolly.
12:15 of 2nd period - Goal by Tim Connolly - Sharks : 1 - Coyotes : 3.
12:16 of 2nd period - Paul Gaustad wins face-off versus Saku Koivu in neutral zone.
12:21 of 2nd period - Snap shot by Paul Gaustad.
12:21 of 2nd period - Goal by Paul Gaustad - Sharks : 2 - Coyotes : 3.
12:22 of 2nd period - Paul Gaustad wins face-off versus Tim Connolly in neutral zone.
12:27 of 2nd period - Snap shot by Johnny Boychuk.
12:27 of 2nd period - Deflect By Dany Heatley.
12:27 of 2nd period - Stopped by Ryan Miller without a rebound.
12:28 of 2nd period - Paul Gaustad wins face-off versus Tim Connolly in Coyotes zone.
12:39 of 2nd period - Wrist shot by Daniel Alfredsson.
12:39 of 2nd period - Shot Misses the Net.
12:41 of 2nd period - Wrist shot by Daniel Alfredsson.
12:41 of 2nd period - Shot Blocked by Denis Grebeshkov.
12:43 of 2nd period - Wrist shot by Dany Heatley.
12:43 of 2nd period - Goal by Dany Heatley - Sharks : 3 - Coyotes : 3.
12:44 of 2nd period - Paul Gaustad wins face-off versus Tyler Ennis in neutral zone.
12:54 of 2nd period - Snap shot by Tyler Ennis.
12:54 of 2nd period - Stopped by Mike Brodeur with a rebound.
13:59 of 2nd period - Wrist shot by Antoine Vermette.
13:59 of 2nd period - Goal by Antoine Vermette - Sharks : 4 - Coyotes : 3.
14:00 of 2nd period - Paul Gaustad wins face-off versus Tim Connolly in neutral zone.
14:53 of 2nd period - Wrist shot by Pavel Brendl.
14:53 of 2nd period - Shot Blocked by Joe Sakic.
14:55 of 2nd period - Wrist shot by Pavel Brendl.
14:55 of 2nd period - Shot Hit the Post.
14:57 of 2nd period - Slapshot by Erik Christensen.
14:57 of 2nd period - Stopped by Mike Brodeur with a rebound.
15:01 of 2nd period - Snap shot by Erik Christensen.
15:01 of 2nd period - Shot Misses the Net.
15:03 of 2nd period - Snap shot by Shawn Thornton.
15:03 of 2nd period - Stopped by Mike Brodeur with a rebound.
15:09 of 2nd period - Minor Penalty to Joe Sakic for Tripping.
15:10 of 2nd period - Tim Connolly wins face-off versus Antoine Vermette in Sharks zone.
15:11 of 2nd period - Snap shot by Marian Gaborik.
15:11 of 2nd period - Goal by Marian Gaborik - Sharks : 4 - Coyotes : 4.
15:12 of 2nd period - Tim Connolly wins face-off versus Paul Gaustad in neutral zone.
16:26 of 2nd period - Erik Christensen is hit by Dany Heatley and loses puck.
16:38 of 2nd period - Off-side.
16:39 of 2nd period - Antoine Vermette wins face-off versus Tyler Ennis in neutral zone.
16:46 of 2nd period - Minor Penalty to Shaone Morrisonn for Hooking.
16:47 of 2nd period - Tim Connolly wins face-off versus Joe Sakic in Sharks zone.
17:30 of 2nd period - Snap shot by Saku Koivu.
17:30 of 2nd period - Stopped by Mike Brodeur with a rebound.
17:49 of 2nd period - Minor Penalty to Anton Stralman for Tripping.
17:50 of 2nd period - Tim Connolly wins face-off versus Dany Heatley in Coyotes zone.
17:57 of 2nd period - Wrist shot by Marian Gaborik.
17:57 of 2nd period - Deflect By Tim Connolly.
17:57 of 2nd period - Stopped by Mike Brodeur without a rebound.
17:58 of 2nd period - Tim Connolly wins face-off versus Daniel Alfredsson in Sharks zone.
18:18 of 2nd period - Snap shot by Daniel Alfredsson.
18:18 of 2nd period - Stopped by Ryan Miller with a rebound.
18:20 of 2nd period - Wrist shot by Daniel Alfredsson.
18:20 of 2nd period - Stopped by Ryan Miller with a rebound.
18:22 of 2nd period - Snap shot by Dany Heatley.
18:22 of 2nd period - Deflect By Daniel Alfredsson.
18:22 of 2nd period - Shot Misses the Net.
18:22 of 2nd period - Puck is out of play.
18:23 of 2nd period - Daniel Alfredsson wins face-off versus Frans Nielsen in Coyotes zone.
18:26 of 2nd period - Wrist shot by Dany Heatley.
18:26 of 2nd period - Stopped by Ryan Miller without a rebound.
18:27 of 2nd period - Daniel Alfredsson wins face-off versus Frans Nielsen in Coyotes zone.
18:42 of 2nd period - Wrist shot by Frans Nielsen.
18:42 of 2nd period - Stopped by Mike Brodeur without a rebound.
18:43 of 2nd period - Tim Connolly wins face-off versus Daniel Alfredsson in Sharks zone.
18:46 of 2nd period - Penalty to Shaone Morrisonn is over, Shaone Morrisonn is back on ice.
18:56 of 2nd period - Minor Penalty to Dany Heatley for High sticking.
18:57 of 2nd period - Daniel Alfredsson wins face-off versus Tim Connolly in Sharks zone.
19:09 of 2nd period - Snap shot by Daniel Alfredsson.
19:09 of 2nd period - Shot Blocked by Denis Grebeshkov.
19:11 of 2nd period - Wrist shot by Daniel Alfredsson.
19:11 of 2nd period - Stopped by Ryan Miller without a rebound.
19:12 of 2nd period - Daniel Alfredsson wins face-off versus Tim Connolly in Coyotes zone.
19:23 of 2nd period - Slapshot by Tim Connolly.
19:23 of 2nd period - Stopped by Mike Brodeur with a rebound.
19:49 of 2nd period - Penalty to Anton Stralman is over, Anton Stralman is back on ice.
Goals for this period are 3 for Sharks vs 2 for Coyotes.
Shots for this period are 10 for Sharks vs 12 for Coyotes.
3rd period
0:01 of 3rd period - Joe Sakic wins face-off versus Tim Connolly in neutral zone.
0:56 of 3rd period - Penalty to Dany Heatley is over, Dany Heatley is back on ice.
1:12 of 3rd period - Snap shot by Dany Heatley.
1:12 of 3rd period - Shot Misses the Net.
1:14 of 3rd period - Snap shot by Dany Heatley.
1:14 of 3rd period - Stopped by Ryan Miller without a rebound.
1:14 of 3rd period - Minor Penalty to Dany Heatley for Tripping.
1:15 of 3rd period - Joe Sakic wins face-off versus Tim Connolly in Sharks zone.
1:22 of 3rd period - Minor Penalty to Marian Gaborik for Hooking.
1:23 of 3rd period - Daniel Alfredsson wins face-off versus Tim Connolly in Coyotes zone.
1:26 of 3rd period - Snap shot by Markus Naslund.
1:26 of 3rd period - Deflect By Daniel Alfredsson.
1:26 of 3rd period - Shot Hit the Post.
1:26 of 3rd period - Puck is out of play.
1:27 of 3rd period - Daniel Alfredsson wins face-off versus Tim Connolly in Coyotes zone.
2:01 of 3rd period - Icing by Kurt Sauer.
2:02 of 3rd period - Daniel Alfredsson wins face-off versus Frans Nielsen in Coyotes zone.
2:03 of 3rd period - Wrist shot by Paul Gaustad.
2:03 of 3rd period - Shot Misses the Net.
2:05 of 3rd period - Wrist shot by Johnny Boychuk.
2:05 of 3rd period - Stopped by Ryan Miller without a rebound.
2:06 of 3rd period - Tim Connolly wins face-off versus Daniel Alfredsson in Coyotes zone.
2:22 of 3rd period - Slapshot by Tim Connolly.
2:22 of 3rd period - Stopped by Mike Brodeur without a rebound.
2:23 of 3rd period - Saku Koivu wins face-off versus Daniel Alfredsson in Sharks zone.
2:28 of 3rd period - Snap shot by Frans Nielsen.
2:28 of 3rd period - Goal by Frans Nielsen - Sharks : 4 - Coyotes : 5.
2:29 of 3rd period - Tyler Ennis wins face-off versus Daniel Alfredsson in neutral zone.
2:42 of 3rd period - Wrist shot by Daniel Alfredsson.
2:42 of 3rd period - Stopped by Ryan Miller with a rebound.
2:56 of 3rd period - Saku Koivu is hit by Daniel Alfredsson and loses puck.
3:14 of 3rd period - Penalty to Dany Heatley is over, Dany Heatley is back on ice.
3:15 of 3rd period - Adrian Aucoin is hit by Michal Rozsival.
3:22 of 3rd period - Penalty to Marian Gaborik is over, Marian Gaborik is back on ice.
3:22 of 3rd period - Icing by Markus Naslund.
3:23 of 3rd period - Tim Connolly wins face-off versus Markus Naslund in Sharks zone.
3:38 of 3rd period - Slapshot by Markus Naslund.
3:38 of 3rd period - Stopped by Ryan Miller with a rebound.
3:54 of 3rd period - Icing by Drew Miller.
3:55 of 3rd period - Daniel Alfredsson wins face-off versus Sami Kapanen in Coyotes zone.
3:55 of 3rd period - Alex Pietrangelo is hit by Sergei Gonchar and loses puck.
3:58 of 3rd period - Wrist shot by Alex Pietrangelo.
3:58 of 3rd period - Shot Blocked by Drew Miller.
4:00 of 3rd period - Wrist shot by Dany Heatley.
4:00 of 3rd period - Shot Blocked by Sergei Gonchar.
4:16 of 3rd period - Snap shot by Sami Kapanen.
4:16 of 3rd period - Shot Misses the Net.
4:35 of 3rd period - Icing by Lasse Kukkonen.
4:36 of 3rd period - Saku Koivu wins face-off versus Joe Sakic in Sharks zone.
4:46 of 3rd period - Slapshot by Lasse Kukkonen.
4:46 of 3rd period - Shot Blocked by Saku Koivu.
4:48 of 3rd period - Snap shot by Joe Sakic.
4:48 of 3rd period - Deflect By Tuomo Ruutu.
4:48 of 3rd period - Stopped by Ryan Miller without a rebound.
4:49 of 3rd period - Tim Connolly wins face-off versus Paul Gaustad in Coyotes zone.
5:43 of 3rd period - Slapshot by Adrian Aucoin.
5:43 of 3rd period - Shot Blocked by Dany Heatley.
5:45 of 3rd period - Slapshot by Adrian Aucoin.
5:45 of 3rd period - Stopped by Mike Brodeur without a rebound.
5:46 of 3rd period - Tim Connolly wins face-off versus Antoine Vermette in Sharks zone.
6:22 of 3rd period - Slapshot by Tim Connolly.
6:22 of 3rd period - Shot Blocked by Markus Naslund.
6:24 of 3rd period - Wrist shot by Marian Gaborik.
6:24 of 3rd period - Shot Misses the Net.
6:26 of 3rd period - Wrist shot by Andy Sutton.
6:26 of 3rd period - Stopped by Mike Brodeur without a rebound.
6:27 of 3rd period - Saku Koivu wins face-off versus Brandon Yip in Sharks zone.
7:20 of 3rd period - Wrist shot by Drew Miller.
7:20 of 3rd period - Stopped by Mike Brodeur with a rebound.
7:40 of 3rd period - Wrist shot by Antoine Vermette.
7:40 of 3rd period - Shot Misses the Net.
7:42 of 3rd period - Slapshot by Shaone Morrisonn.
7:42 of 3rd period - Shot Misses the Net.
7:44 of 3rd period - Slapshot by Shaone Morrisonn.
7:44 of 3rd period - Stopped by Ryan Miller without a rebound.
7:45 of 3rd period - Saku Koivu wins face-off versus Paul Gaustad in Coyotes zone.
7:47 of 3rd period - Minor Penalty to Frans Nielsen for Elbowing.
7:48 of 3rd period - Paul Gaustad wins face-off versus Erik Christensen in Coyotes zone.
7:56 of 3rd period - Slapshot by Alex Pietrangelo.
7:56 of 3rd period - Stopped by Ryan Miller without a rebound.
7:57 of 3rd period - Paul Gaustad wins face-off versus Erik Christensen in Coyotes zone.
8:18 of 3rd period - Snap shot by Alex Pietrangelo.
8:18 of 3rd period - Stopped by Ryan Miller with a rebound.
8:22 of 3rd period - Snap shot by Dany Heatley.
8:22 of 3rd period - Stopped by Ryan Miller without a rebound.
8:23 of 3rd period - Erik Christensen wins face-off versus Joe Sakic in Coyotes zone.
8:23 of 3rd period - Erik Christensen is hit by Joe Sakic.
8:33 of 3rd period - Andy Sutton is hit by Joe Sakic and loses puck.
9:43 of 3rd period - Kurt Sauer is hit by Dany Heatley.
9:47 of 3rd period - Penalty to Frans Nielsen is over, Frans Nielsen is back on ice.
11:20 of 3rd period - Alex Pietrangelo is hit by Saku Koivu and loses puck.
11:35 of 3rd period - Snap shot by Tim Connolly.
11:35 of 3rd period - Stopped by Mike Brodeur without a rebound.
11:36 of 3rd period - Tim Connolly wins face-off versus Joe Sakic in Sharks zone.
11:43 of 3rd period - Wrist shot by Marian Gaborik.
11:43 of 3rd period - Shot Blocked by Lasse Kukkonen.
12:02 of 3rd period - Daniel Alfredsson is hit by Frans Nielsen and loses puck.
12:31 of 3rd period - Joe Sakic is hit by Shawn Thornton and loses puck.
12:37 of 3rd period - Icing by Johnny Boychuk.
12:38 of 3rd period - Tim Connolly wins face-off versus Joe Sakic in Sharks zone.
12:48 of 3rd period - Off-side.
12:49 of 3rd period - Daniel Alfredsson wins face-off versus Tim Connolly in neutral zone.
13:04 of 3rd period - Snap shot by Dany Heatley.
13:04 of 3rd period - Shot Misses the Net.
13:41 of 3rd period - Sami Kapanen is hit by Brandon Yip and loses puck.
13:46 of 3rd period - Wrist shot by Joe Sakic.
13:46 of 3rd period - Shot Blocked by Kurt Sauer.
14:10 of 3rd period - Snap shot by Marian Gaborik.
14:10 of 3rd period - Deflect By Tim Connolly.
14:10 of 3rd period - Shot Hit the Post.
14:10 of 3rd period - Puck is out of play.
14:11 of 3rd period - Antoine Vermette wins face-off versus Tim Connolly in Sharks zone.
14:38 of 3rd period - Wrist shot by Antoine Vermette.
14:38 of 3rd period - Shot Misses the Net.
14:50 of 3rd period - Markus Naslund is hit by Saku Koivu and loses puck.
15:30 of 3rd period - Slapshot by Adrian Aucoin.
15:30 of 3rd period - Shot Blocked by Lasse Kukkonen.
15:38 of 3rd period - Wrist shot by Marian Gaborik.
15:38 of 3rd period - Shot Blocked by Lasse Kukkonen.
15:48 of 3rd period - Snap shot by Frans Nielsen.
15:48 of 3rd period - Shot Misses the Net.
15:50 of 3rd period - Snap shot by Chris Stewart.
15:50 of 3rd period - Shot Blocked by Alex Pietrangelo.
15:52 of 3rd period - Slapshot by Anton Stralman.
15:52 of 3rd period - Deflect By Frans Nielsen.
15:52 of 3rd period - Shot Blocked by Brandon Yip.
15:52 of 3rd period - Puck is out of play.
15:53 of 3rd period - Saku Koivu wins face-off versus Dany Heatley in Sharks zone.
16:07 of 3rd period - Minor Penalty to Frans Nielsen for Hooking.
16:08 of 3rd period - Erik Christensen wins face-off versus Paul Gaustad in Coyotes zone.
18:07 of 3rd period - Penalty to Frans Nielsen is over, Frans Nielsen is back on ice.
18:45 of 3rd period - Denis Grebeshkov is hit by Dany Heatley and loses puck.
19:01 of 3rd period - Sharks, Mike Brodeur is pulled from the net.
19:04 of 3rd period - Minor Penalty to Marian Gaborik for Holding.
19:05 of 3rd period - Frans Nielsen wins face-off versus Ted Purcell in Coyotes zone.
19:15 of 3rd period - Wrist shot by Ted Purcell.
19:15 of 3rd period - Stopped by Ryan Miller without a rebound.
19:16 of 3rd period - Ted Nolan call a timeout for Sharks.
19:16 of 3rd period - Paul Gaustad wins face-off versus Frans Nielsen in Coyotes zone.
19:23 of 3rd period - Wrist shot by Paul Gaustad.
19:23 of 3rd period - Shot Misses the Net.
19:25 of 3rd period - Slapshot by Alex Pietrangelo.
19:25 of 3rd period - Stopped by Ryan Miller without a rebound.
19:26 of 3rd period - Frans Nielsen wins face-off versus Paul Gaustad in Coyotes zone.
19:41 of 3rd period - Wrist shot by Alex Pietrangelo.
19:41 of 3rd period - Shot Blocked by Kurt Sauer.
19:43 of 3rd period - Snap shot by Paul Gaustad.
19:43 of 3rd period - Goal by Paul Gaustad - Sharks : 5 - Coyotes : 5.
19:43 of 3rd period - Mike Brodeur from Sharks was sent back in the game.
19:44 of 3rd period - Joe Sakic wins face-off versus Drew Miller in neutral zone.
19:51 of 3rd period - Markus Naslund is hit by Adrian Aucoin and loses puck.
19:58 of 3rd period - Backhand shot by Adrian Aucoin.
19:58 of 3rd period - Stopped by Mike Brodeur with a rebound.
Goals for this period are 1 for Sharks vs 1 for Coyotes.
Shots for this period are 12 for Sharks vs 7 for Coyotes.
Overtime #1
0:01 of 1st overtime period - Paul Gaustad wins face-off versus Tim Connolly in neutral zone.
0:04 of 1st overtime period - Adrian Aucoin is hit by Dany Heatley and loses puck.
0:26 of 1st overtime period - Markus Naslund is hit by Saku Koivu and loses puck.
0:45 of 1st overtime period - Snap shot by Erik Cole.
0:45 of 1st overtime period - Shot Blocked by Lasse Kukkonen.
0:47 of 1st overtime period - Snap shot by Denis Grebeshkov.
0:47 of 1st overtime period - Stopped by Mike Brodeur with a rebound.
0:49 of 1st overtime period - Slapshot by Denis Grebeshkov.
0:49 of 1st overtime period - Stopped by Mike Brodeur without a rebound.
0:50 of 1st overtime period - Erik Cole wins face-off versus Paul Gaustad in Sharks zone.
0:51 of 1st overtime period - Snap shot by Sami Kapanen.
0:51 of 1st overtime period - Shot Misses the Net.
1:01 of 1st overtime period - Off-side.
1:02 of 1st overtime period - Tim Connolly wins face-off versus Paul Gaustad in neutral zone.
1:07 of 1st overtime period - Wrist shot by Tim Connolly.
1:07 of 1st overtime period - Stopped by Mike Brodeur with a rebound.
1:15 of 1st overtime period - Slapshot by Dany Heatley.
1:15 of 1st overtime period - Stopped by Ryan Miller without a rebound.
1:16 of 1st overtime period - Tim Connolly wins face-off versus Daniel Alfredsson in Coyotes zone.
1:16 of 1st overtime period - Tim Connolly is hit by Paul Gaustad.
1:24 of 1st overtime period - Wrist shot by Dany Heatley.
1:24 of 1st overtime period - Goal by Dany Heatley - Sharks : 6 - Coyotes : 5.
Goals for this period are 1 for Sharks vs 0 for Coyotes.
Shots for this period are 2 for Sharks vs 3 for Coyotes.
Output by the SimonT Hockey Simulator (STHS) for François Prévost -- Original Page W3C XHTML 1.0 Valid